 Dungeon Crawl Stone Soup version 0.30-a0-297-g0ec75d9ef4 (webtiles) character file.

Game seed: 16793359238991517066

1937 lunkers the Carver (level 9, -1/75 HPs)
             Began as a Meteoran Fighter on Oct 18, 2022.
             Was a Believer of Kikubaaqudgha.
             Slain by an ogre
             ... wielding a +0 giant club
              (17 damage)
             ... on level 7 of the Dungeon.
             The game lasted 00:05:58 (2439 turns).

lunkers the Carver (Meteoran Fighter)               Turns: 2439, Time: 00:05:58

Health: -1/75      AC: 11    Str: 17    XL:     9   Next: 68%
Magic:  10/10      EV:  9    Int: 11    God:    Kikubaaqudgha [**....]
Gold:   292        SH:  6    Dex: 18    Spells: 8/8 levels left

rFire   . . .      SeeInvis .    a - +0 long sword
rCold   . . .      Faith    .    c - +0 buckler
rNeg    . . .      Spirit   .    b - +0 scale mail
rPois   .          Reflect  .    (no helmet)
rElec   .          Harm     .    n - +2 cloak
rCorr   .          Rampage  .    q - +0 pair of gloves
Will    +....                    (no boots)
Stlth   ..........               s - amulet of regeneration
HPRegen 1.12/turn                (no ring)
MPRegen 0.12/turn                (no ring)

@: glowing
A: sense surroundings 2, otherworldly, glowing, explore regen
a: Renounce Religion, Unearth Wretches


You were on level 7 of the Dungeon.
You worshipped Kikubaaqudgha.
Kikubaaqudgha was pleased with you.
You visited 1 branch of the dungeon, and saw 7 of its levels.

You collected 292 gold pieces.

Inventory:

Hand Weapons
 a - a +0 long sword (weapon)
Armour
 b - a +0 scale mail (worn)
 c - a +0 buckler (worn)
 n - a +2 cloak (worn)
 q - a +0 pair of gloves (worn)
Jewellery
 s - an amulet of regeneration (around neck)
Wands
 h - a wand of roots (5)
 p - a wand of polymorph (6)
Scrolls
 f - a scroll of magic mapping
 i - a scroll of summoning
 j - 3 scrolls of teleportation
Potions
 d - a potion of might
 e - 7 potions of curing
 g - 2 potions of heal wounds
 m - a potion of haste
 o - a potion of cancellation {unknown}
 r - a potion of flight {unknown}


   Skills:
 + Level 6.2 Fighting
 + Level 10.0 Long Blades
 - Level 3.6 Armour
 + Level 6.8 Shields
 + Level 5.1 Necromancy


You had 8 spell levels left.
You didn't know any spells.
Your spell library contained the following spells:

 Spells                   Type           Power      Damage    Failure   Level
 Necrotise                Necr           44%        1d6       19%         1
 Sublimation of Blood     Necr           11%        N/A       26%         2
 Cigotuvi's Dreadful Rot  Necr/Pois/Air  6%         N/A       73%         2
 Magic Dart               Conj           0%         1d3       82%         1
 Animate Dead             Necr           11%        N/A       87%         4
 Searing Ray              Conj           0%         2d4       91%         2
 Fulminant Prism          Conj/Hex       0%         3d6       100%        4


Dungeon Overview and Level Annotations

Branches:
Dungeon (7/15) Zot: 1728   Temple (0/1) D:6

Altars:
Kikubaaqudgha


Innate Abilities, Weirdness & Mutations

You passively map the area around you.
You are easily found by Zot.
You glow in the dark.
You regain HP and MP as you explore.


Message History

The bullfrog hits you but does no damage.
You hit the bullfrog.
The bullfrog is almost dead.
The bullfrog barely misses you.
You barely miss the bullfrog.
The bullfrog is almost dead.
You block the bullfrog's attack.
You barely miss the bullfrog.
The bullfrog is almost dead.
The bullfrog barely misses you.
The bullfrog hits you but does no damage.
You hit the bullfrog but do no damage.
The bullfrog is almost dead.
The bullfrog barely misses you.
The ogre hits you with a +0 giant club!!
* * * LOW HITPOINT WARNING * * *
You hit the ogre.
The ogre is lightly wounded.
The bullfrog hits you but does no damage. x2
You hit the ogre.
The ogre is lightly wounded.
The bullfrog barely misses you.
The ogre hits you with a +0 giant club!!
* * * LOW HITPOINT WARNING * * *
You hit the ogre.
The ogre is moderately wounded.
The bullfrog closely misses you. The bullfrog hits you.
* * * LOW HITPOINT WARNING * * *
You slash the ogre!
The ogre is almost dead.
The ogre hits you with a +0 giant club!
* * * LOW HITPOINT WARNING * * *
The bullfrog hits you but does no damage.
You barely miss the ogre.
The ogre is almost dead.
The bullfrog hits you.
* * * LOW HITPOINT WARNING * * *
The ogre hits you with a +0 giant club!
You die...
Kikubaaqudgha rasps: "You have failed me!
Welcome... death!"

* #### #... * #### #... ,
....########### #... ,
..............# #... ,
..............# #... * *
* #...........# #...
#...F.......#######...
#...O@......#.....#..)
#.........>.#.....#..) **
* *#...........#.....#...
,
,........................
###...........#.....####
**, #...........#.....#
#...........#######
############# * *, * , ,


You could see an ogre and a bullfrog.

Vanquished Creatures
  Pikel (D:5)
  A water moccasin (D:6)
  An orc warrior (D:6)
  An ice beast (D:6)
  A tengu (D:5)
  An ogre (D:5)
  A centaur (D:5)
  A bullfrog (D:7)
  A necrophage (D:6)
  3 scorpions
  4 hounds
  4 orc priests
  A gnoll bouda (D:6)
  4 iguanas
  2 orc wizards (D:6)
  6 gnolls
  5 adders
  A shadow imp (D:5)
  2 white imps (D:6)
  2 ufetubi (D:5)
  2 worms
  4 dart slugs
  8 orcs
  4 bats
  6 endoplasms
  3 giant cockroaches
  3 goblins
  7 hobgoblins
  6 kobolds
  2 quokkas
  5 ball pythons
  3 frilled lizards
  4 rats
100 creatures vanquished.

Vanquished Creatures (others)
  5 plants (D:4)
5 creatures vanquished.

Grand Total: 105 creatures vanquished

Notes
Turn   | Place    | Note
-------+----------+-------------------------------------------
     0 | D:1      | lunkers the Meteoran Fighter began the quest for the Orb.
     0 | D:1      | Reached XP level 1. HP: 19/19 MP: 2/2
   106 | D:1      | Found a faded altar of an unknown god.
   127 | D:1      | You fall into a shaft and drop 1 floor!
   152 | D:2      | Reached skill level 3 in Long Blades
   152 | D:2      | Reached XP level 2. HP: 26/26 MP: 3/3
   212 | D:2      | Reached XP level 3. HP: 27/31 MP: 4/4
   310 | D:1      | Reached skill level 4 in Long Blades
   482 | D:1      | Prayed at the altar of an unknown god.
   482 | D:1      | Became a worshipper of Kikubaaqudgha
   482 | D:1      | Reached * piety under Kikubaaqudgha
   482 | D:1      | Received a gift from Kikubaaqudgha
   737 | D:3      | Reached XP level 4. HP: 38/38 MP: 5/5
   777 | D:3      | Reached skill level 5 in Long Blades
   978 | D:3      | Reached XP level 5. HP: 45/45 MP: 6/6
  1134 | D:4      | Reached skill level 6 in Long Blades
  1139 | D:4      | Reached ** piety under Kikubaaqudgha
  1334 | D:5      | Entered Level 5 of the Dungeon
  1335 | D:5      | Noticed an ogre
  1339 | D:5      | Reached XP level 6. HP: 51/51 MP: 7/7
  1340 | D:5      | an ogre changed into a tengu
  1340 | D:5      | Noticed a tengu
  1348 | D:5      | Killed a tengu
  1349 | D:5      | Reached skill level 7 in Long Blades
  1440 | D:5      | Reached skill level 8 in Long Blades
  1440 | D:5      | Reached XP level 7. HP: 35/57 MP: 8/8
  1488 | D:5      | Reached skill level 1 in Necromancy
  1562 | D:5      | Noticed Pikel
  1589 | D:5      | Killed Pikel
  1590 | D:5      | Reached skill level 5 in Shields
  1590 | D:5      | Reached XP level 8. HP: 27/67 MP: 9/9
  1625 | D:5      | Reached skill level 9 in Long Blades
  1821 | D:6      | Reached skill level 5 in Fighting
  1866 | D:6      | Upgraded the game from 0.30-a0-292-g0f741e3f8e to
                  | 0.30-a0-297-g0ec75d9ef4
  1895 | D:6      | Gained mutation: You passively map the area around you.
                  | [Meteoran growth]
  1895 | D:6      | Reached XP level 9. HP: 74/74 MP: 10/10
  1993 | D:6      | Found a staircase to the Ecumenical Temple.
  2190 | D:6      | Reached skill level 5 in Necromancy
  2415 | D:7      | Reached skill level 10 in Long Blades
  2439 | D:7      | Slain by an ogre

Illustrated notes

Levels and vault maps discovered:
D:1:      dpeg_arrival_signposts, layout_basic,
          ebering_ecumenical_altar_abandoned, minmay_tiny_reverse_x
D:2:      layout_basic, kennysheep_nub
D:3:      layout_basic, grunt_decor_cap
D:4:      layout_loops_ring, dk_noncrumbling_2, serial_bayou_lagoon_a,
          minmay_misc_feat_nine_boxes, kennysheep_boxes
D:5:      minmay_chambers_of_fours, layout_loops_cross, uniq_pikel
D:6:      layout_rooms, minmay_temple_entry_glassed_door, serial_bayou_pond_b
D:7:      layout_basic, grunt_temple_overflow_opulence

Skill      XL: |  1  2  3  4  5  6  7  8  9 |
---------------+----------------------------+-----
Long Blades    | 3 4 5 6 8 9 10 | 10.0
Shields        | 5 6 |  6.8
Necromancy     | 3 5 |  5.1
Fighting       | 4 5 6 |  6.2
Armour         | |  3.6

Action                   |  1- 3 |  4- 6 |  7- 9 || total
-------------------------+-------+-------+-------++-------
Melee: Long sword        |    87 |   110 |   234 ||   431
Evoke: Wand              |       |     1 |       ||     1
  Use: Scroll            |       |       |    10 ||    10
Armor: Scale mail        |    33 |    62 |   124 ||   219
Dodge: Dodged            |    31 |    40 |    84 ||   155
Block: Buckler           |    25 |    28 |    61 ||   114

Table legend: (Time is in decaauts)
 A = Elapsed time spent in this place.
 B = Non-inter-level travel time spent in this place.
 C = Inter-level travel time spent in this place.
 D = Time resting spent in this place.
 E = Time spent auto-exploring this place.
 F = Levels seen in this place.
 G = Mean time per level.
                   A        B        C        D        E       F      G
               +--------+--------+--------+--------+--------+-----+--------+
         Total |   2470 |   2271 |    199 |      0 |   1377 |   7 |  352.9 |
       Dungeon |   2470 |   2271 |    199 |      0 |   1377 |   7 |  352.9 |
               +--------+--------+--------+--------+--------+-----+--------+

Top non-repeatable levels by time:
     D:5: 477 daAuts
     D:3: 435 daAuts
     D:1: 425 daAuts
     D:6: 404 daAuts
     D:2: 264 daAuts
     D:4: 241 daAuts
     D:7: 221 daAuts
